 Dungeon Crawl Stone Soup version bcrawl-1.28.5 (webtiles) character file.

Game seed: 15878383305631863188

129422 Mehrunes the Grave Robber (level 2, -4/25 HPs)
             Began as a Ghoul Necromancer on Jan 21, 2021.
             Slain by a gnoll
             ... wielding a +0 flail
              (11 damage)
             ... on level 1 of the Dungeon.
             The game lasted 00:02:23 (420 turns).

Mehrunes the Grave Robber (Ghoul Necromancer)        Turns: 420, Time: 00:02:24

Health: -4/25      AC:  4    Str: 11    XL:     2   Next: 83%
Magic:  3/3        EV: 12    Int: 10    God:
Gold:   35         SH:  0    Dex:  9    Spells: 2/4 levels left

rFire    . . .     SeeInvis .   l - +1 whip (elec)
rCold    + + .     Gourm    .   (no shield)
rNeg     + + +     Faith    .   b - +0 robe
rPois    ∞         Spirit   .   (no helmet)
rElec    .         Reflect  .   g - +1 cloak
rCorr    .         Harm     .   (no gloves)
MR       .....                  (no boots)
Stlth    ++........             (no amulet)
HPRegen  0.00/turn              o - ring of protection from cold
MPRegen  0.08/turn              (no ring)

@: rotting
A: rotting body, claws 1, carnivore, cold resistance 1, negative energy
resistance 3, inhibited regeneration, torment resistance, unbreathing
a: no special abilities


You were on level 1 of the Dungeon.
You were not hungry.

You visited 1 branch of the dungeon, and saw 1 of its levels.

You collected 35 gold pieces.

Inventory:

Hand Weapons
 a - a +1 dagger
 c - a +0 short sword
 l - a +1 whip of electrocution (weapon)
Armour
 b - a +0 robe (worn)
 g - a +1 cloak (worn)
Jewellery
 o - a ring of protection from cold (left claw)
Scrolls
 f - a scroll of identify
 i - a scroll of enchant weapon {unknown}
 j - a scroll of fear {unknown}
 m - a scroll of magic mapping {unknown}
Potions
 h - 2 potions of curing {unknown}
 k - a potion of magic {unknown}
 n - a potion of agility {unknown}
Comestibles
 d - 11 chunks of flesh
 e - a ration {!d}


   Skills:
 + Level 2.4 Fighting
 + Level 0.3 Maces & Flails
 - Level 1.7 Dodging
 - Level 2.4 Stealth
 - Level 1.7 Spellcasting
 - Level 5.8 Necromancy


You had 2 spell levels left.
You knew the following spells:

 Your Spells              Type           Power        Failure   Level  Hunger
a - Animate Skeleton      Necr           N/A          3%          1    None
b - Pain                  Necr           ##....       3%          1    None

Your spell library contained the following spells:

 Spells                   Type           Power        Failure   Level  Hunger
 Vampiric Draining        Necr           ##........   9%          3    ####...
 Agony                    Necr           ##......     28%         4    ######.
 Animate Dead             Necr           N/A          28%         4    ######.
 Dispel Undead            Necr           ##......     63%         5    #######


Dungeon Overview and Level Annotations

Branches:
Dungeon (1/12)

Altars:


Innate Abilities, Weirdness & Mutations

Your body is rotting away.
You thrive on raw meat.
You are immune to poison.
You have sharp fingernails.
You are carnivorous and can eat meat at any time.
Your flesh is cold resistant. (rC+)
You are immune to negative energy. (rN+++)
You do not regenerate when monsters are visible.
You are immune to unholy pain and torment.
You can survive without breathing.


Message History

You feel more resilient.
This raw flesh tastes great.
A gnoll comes into view. It is wielding a +0 flail.
A gnoll is nearby!
The gnoll shouts!
You hit the gnoll but do no damage. The gnoll barely misses you.
You barely miss the gnoll. The gnoll hits you with a +0 flail.
You hit the gnoll.
The gnoll is moderately wounded.
The gnoll hits you with a +0 flail!
You barely miss the gnoll.
The gnoll is moderately wounded.
The gnoll hits you with a +0 flail.
* * * LOW HITPOINT WARNING * * *
You hit the gnoll.
The gnoll is heavily wounded.
The gnoll barely misses you.
Eat one of 12 chunks of flesh? (ye/n/q)
You eat one of the 12 chunks of flesh.
This raw flesh tastes great.
The gnoll hits you with a +0 flail!
You die...

#########
#.......#
#...g...#
##....@..#
..........####
.............####
........###.....#
#####...# #.....#
#####..)###.....##
.........÷......>#
#......÷##.....#
#.......###....#


You could see a gnoll.

Vanquished Creatures
  A worm (D:1)
  2 giant cockroaches (D:1)
  A goblin (D:1)
  4 jackals (D:1)
  5 kobolds (D:1)
  2 bats (D:1)
  A frilled lizard (D:1)
  A rat (D:1)
17 creatures vanquished.

Notes
Turn   | Place    | Note
-------+----------+-------------------------------------------
     0 | D:1      | Mehrunes the Ghoul Necromancer began the quest for the Orb.
     0 | D:1      | Reached XP level 1. HP: 14/14 MP: 2/2
    96 | D:1      | Reached skill level 1 in Fighting
   103 | D:1      | Reached XP level 2. HP: 14/24 MP: 3/3
   420 | D:1      | Slain by a gnoll

Skill      XL: |  1  2 |
---------------+-------+-----
Fighting       | 1 2 |  2.4
Maces & Flails | |  0.3
Dodging        | |  1.7
Stealth        | |  2.4
Spellcasting   | |  1.7
Necromancy     | |  5.8

Action                   || total
-------------------------++-------
Melee: Short sword       ||    41
       Dagger            ||     7
       Whip              ||    15
 Stab: Sleeping          ||     2
  Eat: Chunk             ||     7
Armor: Robe              ||    35
Dodge: Dodged            ||    59
